ITL
TRENTON STARS @ ALLENTOWN HILLBILLIES
09/25/2027
 
TOP OF THE 1ST
Trenton Stars batting - Pitching for Allentown Hillbillies : RHP Okura Oike
Pitching: RHP Okura Oike
Batting: RHB George Reeves 0-0: Ball
1-0: Called Strike
1-1: Foul Ball, location: 2F
1-2: Ball
2-2: Fly out, F9 (Flyball, 9S)
Batting: RHB Felipe Olivas 0-0: Ball
1-0: Ball
2-0: Called Strike
2-1: Ball
3-1: Called Strike
3-2: Ground out 4-3 (Groundball, 4S)
Batting: LHB Marvin Morris 0-0: Called Strike
0-1: Ball
1-1: Foul Ball, location: 2F
1-2: Hit by Pitch
Batting: RHB Clancy Booker 0-0: Fly out, F9 (Flyball, 9D)
Top of the 1st over - 0 run(s), 0 hit(s), 0 error(s), 1 left on base; Trenton 0 - Allentown 0
BOTTOM OF THE 1ST
Allentown Hillbillies batting - Pitching for Trenton Stars : RHP José Crus
Pitching: RHP José Crus
Batting: RHB Dan Banks 0-0: Foul Ball, location: 2F
0-1: Ball
1-1: Foul Ball, location: 2F
1-2: Strikes out looking
Batting: RHB Justin Harris 0-0: Called Strike
0-1: Swinging Strike
0-2: Ball
1-2: Foul Ball, location: 2F
1-2: Foul Ball, location: 2F
1-2: Ball
2-2: Fly out, F7 (Flyball, 7)
Batting: LHB Eduardo Rodríguez 0-0: Ball
1-0: Ball
2-0: Ball
3-0: Called Strike
3-1: Called Strike
3-2: Base on Balls
Batting: RHB Diego Rivera 0-0: Ball
1-0: Called Strike
1-1: Foul Ball, location: 2F
1-2: Fly out, F8 (Flyball, 8RS)
Bottom of the 1st over - 0 run(s), 0 hit(s), 0 error(s), 1 left on base; Trenton 0 - Allentown 0
TOP OF THE 2ND
Trenton Stars batting - Pitching for Allentown Hillbillies : RHP Okura Oike
Batting: LHB Lee Burton 0-0: Called Strike
0-1: Foul Ball, location: 2F
0-2: Ball
1-2: DOUBLE (Line Drive, 89D)
Batting: RHB Rafael Canales 0-0: Ball
1-0: Foul Ball, location: 2F
1-1: Foul Ball, location: 2F
1-2: Ball
2-2: Foul Ball, location: 2F
2-2: Ball
3-2: Ground out 4-3 (Groundball, 4D)
Lee Burton to third
Batting: RHB Gabriel Villegas 0-0: Called Strike
0-1: DOUBLE (Flyball, 9LM)
Lee Burton scores
Batting: SHB Nick Marshall 0-0: Called Strike
0-1: Ground out U3 (Groundball, 3L)
Gabriel Villegas to third
Pitching: RHP Pepe Fernández
Batting: LHB Ju-wei Shiu 0-0: Ball
1-0: Called Strike
1-1: Called Strike
1-2: Foul Ball, location: 2F
1-2: Ground out U3 (Groundball, 3)
Top of the 2nd over - 1 run(s), 2 hit(s), 0 error(s), 1 left on base; Trenton 1 - Allentown 0
BOTTOM OF THE 2ND
Allentown Hillbillies batting - Pitching for Trenton Stars : RHP José Crus
Batting: RHB Millard Stark 0-0: Swinging Strike
0-1: Swinging Strike
0-2: Foul Ball, location: 2F
0-2: Ball
1-2: Ball
2-2: Ground out 4-3 (Groundball, 4)
Batting: LHB Marcos Vargas 0-0: Ball
1-0: Foul Ball, location: 2F
1-1: DOUBLE (Line Drive, 8RD)
Batting: LHB Rafael Flores 0-0: Ground out 1-3 (Groundball, 13)
Marcos Vargas to third
Batting: RHB Carl Brown 0-0: Ball
1-0: Ball
2-0: Foul Ball, location: 2F
2-1: Called Strike
2-2: Ball
3-2: Strikes out swinging
Bottom of the 2nd over - 0 run(s), 1 hit(s), 0 error(s), 1 left on base; Trenton 1 - Allentown 0
TOP OF THE 3RD
Trenton Stars batting - Pitching for Allentown Hillbillies : RHP Pepe Fernández
Batting: RHB George Reeves 0-0: SINGLE (Groundball, 5) (infield hit)
Batting: RHB Felipe Olivas 0-0: Called Strike
Throwing error on steal attempt, E2
George Reeves to third
0-1: Ball
1-1: Foul Ball, location: 2F
1-2: Fly out, F6 (Popup, 6D)
Batting: LHB Marvin Morris 0-0: Foul Ball, location: 2F
0-1: Ball
1-1: Ball
2-1: Swinging Strike
2-2: Ball
3-2: DOUBLE (Line Drive, 8RD)
George Reeves scores
Pitching: LHP Alberto Maldonado
Batting: RHB Clancy Booker 0-0: SINGLE (Flyball, 8RM)
Marvin Morris to third
Runner from 3rd tries for Home, SAFE, throw made home
Clancy Booker to second
Batting: LHB Lee Burton 0-0: Ball
1-0: Called Strike
1-1: Ball
2-1: Called Strike
2-2: Foul Ball, location: 2F
2-2: SINGLE (Flyball, 78S)
Clancy Booker to third
Runner from 3rd tries for Home, SAFE, no throw
Batting: RHB Rafael Canales 0-0: Foul Ball, location: 2F
0-1: Foul Ball, location: 2F
0-2: Foul Ball, location: 2F
0-2: Strikes out looking
Batting: RHB Gabriel Villegas 0-0: Ball
1-0: Foul Ball, location: 2F
1-1: Swinging Strike
1-2: Strikes out swinging
Top of the 3rd over - 3 run(s), 4 hit(s), 1 error(s), 1 left on base; Trenton 4 - Allentown 0
BOTTOM OF THE 3RD
Allentown Hillbillies batting - Pitching for Trenton Stars : RHP José Crus
Batting: RHB Joel Jackson 0-0: Ball
1-0: Called Strike
1-1: Called Strike
1-2: Strikes out swinging
Batting: RHB Dan Banks 0-0: Ball
1-0: Called Strike
1-1: Called Strike
1-2: Fly out, F8 (Flyball, 8RM)
Batting: RHB Justin Harris 0-0: Foul Ball, location: 2F
0-1: Foul Ball, location: 2F
0-2: Strikes out looking
Bottom of the 3rd over - 0 run(s), 0 hit(s), 0 error(s), 0 left on base; Trenton 4 - Allentown 0
TOP OF THE 4TH
Trenton Stars batting - Pitching for Allentown Hillbillies : LHP Alberto Maldonado
Batting: SHB Nick Marshall 0-0: Ball
1-0: Ball
2-0: Ground out 5-3 (Groundball, 5)
Pitching: LHP Emílio Trevino
Batting: LHB Ju-wei Shiu 0-0: Ball
1-0: Called Strike
1-1: Swinging Strike
1-2: Foul Ball, location: 2F
1-2: Strikes out swinging
Batting: RHB George Reeves 0-0: Called Strike
0-1: Swinging Strike
0-2: Ball
1-2: Ground out 6-3 (Groundball, 6)
Top of the 4th over - 0 run(s), 0 hit(s), 0 error(s), 0 left on base; Trenton 4 - Allentown 0
BOTTOM OF THE 4TH
Allentown Hillbillies batting - Pitching for Trenton Stars : RHP José Crus
Batting: LHB Eduardo Rodríguez 0-0: DOUBLE (Flyball, 89XD)
Batting: RHB Diego Rivera 0-0: Ball
1-0: Swinging Strike
1-1: DOUBLE (Flyball, 7D)
Eduardo Rodríguez scores
Batting: RHB Millard Stark 0-0: Called Strike
0-1: Called Strike
0-2: Ball
1-2: Foul Ball, location: 2F
1-2: Foul Ball, location: 2F
1-2: Foul Ball, location: 2F
1-2: Foul Ball, location: 2F
1-2: Ball
2-2: Ball
Wild Pitch!
Diego Rivera to third
3-2: Base on Balls
Batting: LHB Marcos Vargas 0-0: Called Strike
0-1: Swinging Strike
0-2: Foul Ball, location: 2F
0-2: Ball
1-2: Strikes out swinging
Batting: LHB Rafael Flores 0-0: Called Strike
0-1: Ball
1-1: Ball
2-1: Swinging Strike
2-2: Fielders Choice at 2nd, 3-6 (Groundball, 34)
Diego Rivera scores
Batting: RHB Carl Brown 0-0: Called Strike
0-1: Called Strike
0-2: Ball
1-2: Ball
2-2: Ball
3-2: Ground out 5-3 (Groundball, 56S)
Bottom of the 4th over - 2 run(s), 2 hit(s), 0 error(s), 1 left on base; Trenton 4 - Allentown 2
TOP OF THE 5TH
Trenton Stars batting - Pitching for Allentown Hillbillies : LHP Emílio Trevino
Batting: RHB Felipe Olivas 0-0: Ball
1-0: Foul Ball, location: 2F
1-1: Swinging Strike
1-2: Ball
2-2: Ball
3-2: DOUBLE (Line Drive, 8RD)
Pitching: LHP Nick Merrit
Batting: LHB Marvin Morris 0-0: Called Strike
0-1: Swinging Strike
0-2: Ball
1-2: Strikes out swinging
Batting: RHB Clancy Booker 0-0: Ground out 4-3 (Groundball, 4S)
Felipe Olivas to third
Batting: LHB Lee Burton 0-0: Swinging Strike
0-1: Swinging Strike
0-2: Strikes out swinging
Top of the 5th over - 0 run(s), 1 hit(s), 0 error(s), 1 left on base; Trenton 4 - Allentown 2
BOTTOM OF THE 5TH
Allentown Hillbillies batting - Pitching for Trenton Stars : RHP José Crus
Batting: RHB Joel Jackson 0-0: Called Strike
0-1: Ball
1-1: Ball
2-1: Swinging Strike
2-2: Ball
3-2: Strikes out swinging
Batting: RHB Dan Banks 0-0: Ball
1-0: Called Strike
1-1: Swinging Strike
1-2: Ball
2-2: Foul Ball, location: 2F
2-2: Foul Ball, location: 2F
2-2: Ball
3-2: Foul Ball, location: 2F
3-2: Base on Balls
Batting: RHB Justin Harris 0-0: Ball
1-0: SINGLE (Groundball, 56D)
Dan Banks to second
Batting: LHB Eduardo Rodríguez 0-0: Ball
1-0: Ball
2-0: Ball
3-0: Called Strike
3-1: Base on Balls
Dan Banks to third
Justin Harris to second
Pitching: LHP Pedro Orozco
Batting: RHB Diego Rivera 0-0: Swinging Strike
0-1: Ball
1-1: SINGLE (Line Drive, 9LS)
Dan Banks scores
Justin Harris to third
Eduardo Rodríguez to second
Runner from 3rd tries for Home, SAFE, no throw
Batting: RHB Millard Stark 0-0: Ball
1-0: Ball
2-0: Ball
3-0: Base on Balls
Eduardo Rodríguez to third
Diego Rivera to second
Batting: LHB Marcos Vargas 0-0: Called Strike
0-1: Ball
1-1: Ball
2-1: SINGLE (Groundball, 4MD)
Eduardo Rodríguez scores
Diego Rivera to third
Millard Stark to second
Runner from 3rd tries for Home, SAFE, throw made home
Now in CF: Alonzo Medine
Batting: LHB Rafael Flores 0-0: Called Strike
0-1: Ball
1-1: Ball
2-1: Fly out, F7 (Flyball, 78D)
Batting: RHB Carl Brown 0-0: Foul Ball, location: 2F
0-1: Ball
1-1: Ball
2-1: Swinging Strike
2-2: Fly out, F9 (Flyball, 9LM)
Bottom of the 5th over - 4 run(s), 3 hit(s), 0 error(s), 2 left on base; Trenton 4 - Allentown 6
TOP OF THE 6TH
Trenton Stars batting - Pitching for Allentown Hillbillies : LHP Nick Merrit
Pitching: RHP Dale Downs
Batting: RHB Rafael Canales 0-0: Ball
1-0: Ball
2-0: Foul Ball, location: 2F
2-1: Called Strike
2-2: Ball
3-2: Base on Balls
Pitching: LHP Alejandro Castillo
Batting: RHB Gabriel Villegas 0-0: Foul Ball, location: 2F
0-1: Swinging Strike
0-2: Grounds into double play, 5-4-3 (Groundball, 5)
Batting: LHB Alonzo Medine 0-0: Ball
1-0: Swinging Strike
1-1: Swinging Strike
1-2: Ball
2-2: Strikes out looking
Top of the 6th over - 0 run(s), 0 hit(s), 0 error(s), 0 left on base; Trenton 4 - Allentown 6
BOTTOM OF THE 6TH
Allentown Hillbillies batting - Pitching for Trenton Stars : LHP Pedro Orozco
Batting: RHB Joel Jackson 0-0: Called Strike
0-1: Foul Ball, location: 2F
0-2: Ball
1-2: Strikes out swinging
Batting: RHB Dan Banks 0-0: Called Strike
0-1: Ball
1-1: Swinging Strike
1-2: Ball
2-2: Ball
3-2: Foul Ball, location: 2F
3-2: Strikes out looking
Batting: RHB Justin Harris 0-0: Called Strike
0-1: Swinging Strike
0-2: Ball
1-2: Ball
2-2: Strikes out swinging
Bottom of the 6th over - 0 run(s), 0 hit(s), 0 error(s), 0 left on base; Trenton 4 - Allentown 6
TOP OF THE 7TH
Trenton Stars batting - Pitching for Allentown Hillbillies : LHP Alejandro Castillo
Batting: LHB Ju-wei Shiu 0-0: Ground out 4-3 (Groundball, 4)
Batting: RHB George Reeves 0-0: Ball
1-0: Ground out 5-3 (Groundball, 56)
Batting: RHB Felipe Olivas 0-0: Called Strike
0-1: Ball
1-1: Called Strike
1-2: Ball
2-2: Fly out, F9 (Flyball, 9LSF)
Top of the 7th over - 0 run(s), 0 hit(s), 0 error(s), 0 left on base; Trenton 4 - Allentown 6
BOTTOM OF THE 7TH
Allentown Hillbillies batting - Pitching for Trenton Stars : LHP Pedro Orozco
Batting: LHB Eduardo Rodríguez 0-0: Ball
1-0: Called Strike
1-1: Ball
2-1: Ball
3-1: Swinging Strike
3-2: Foul Ball, location: 2F
3-2: Base on Balls
Batting: RHB Diego Rivera 0-0: Foul Ball, location: 2F
0-1: Ball
1-1: 2-RUN HOME RUN (Flyball, 78XD), Distance : 396 ft
Pitching: RHP José Gómez
Batting: RHB Millard Stark 0-0: Called Strike
0-1: Ball
1-1: Ball
2-1: Foul Ball, location: 2F
2-2: Foul Ball, location: 2F
2-2: Ball
3-2: Base on Balls
Batting: LHB Marcos Vargas 0-0: Ball
1-0: Bunted foul
1-1: Sac Bunt - play at first, batter OUT! 1-4
Millard Stark to second
Batting: LHB Rafael Flores 0-0: Foul Ball, location: 2F
0-1: Foul Ball, location: 2F
0-2: Ball
1-2: Strikes out looking
Batting: RHB Carl Brown 0-0: Foul Ball, location: 2F
0-1: Ball
1-1: Ball
2-1: Foul Ball, location: 2F
2-2: Foul Ball, location: 2F
2-2: Foul Ball, location: 2F
2-2: Strikes out swinging
Bottom of the 7th over - 2 run(s), 1 hit(s), 0 error(s), 1 left on base; Trenton 4 - Allentown 8
TOP OF THE 8TH
Trenton Stars batting - Pitching for Allentown Hillbillies : LHP Alejandro Castillo
Batting: LHB Marvin Morris 0-0: Called Strike
0-1: Ball
1-1: SINGLE (Groundball, 34D)
Batting: RHB Clancy Booker 0-0: Foul Ball, location: 2F
0-1: Ball
1-1: Ball
2-1: Ball
3-1: Base on Balls
Marvin Morris to second
Batting: LHB Lee Burton 0-0: Called Strike
0-1: Swinging Strike
0-2: Ball
1-2: Ball
2-2: Ball
3-2: Grounds into double play, 6-4-3 (Groundball, 6)
Marvin Morris to third
Batting: RHB Rafael Canales 0-0: Called Strike
0-1: Ball
1-1: Ball
2-1: Foul Ball, location: 2F
2-2: Foul Ball, location: 2F
2-2: Ball
3-2: Foul Ball, location: 2F
3-2: Foul Ball, location: 2F
3-2: SINGLE (Groundball, 56D)
Marvin Morris scores
Batting: RHB Gabriel Villegas 0-0: Ball
1-0: Ball
2-0: Called Strike
2-1: Ball
3-1: Base on Balls
Rafael Canales to second
Batting: LHB Alonzo Medine 0-0: Swinging Strike
0-1: Foul Ball, location: 2F
0-2: Ball
1-2: Ground out 4-3 (Groundball, 4S)
Top of the 8th over - 1 run(s), 2 hit(s), 0 error(s), 2 left on base; Trenton 5 - Allentown 8
BOTTOM OF THE 8TH
Allentown Hillbillies batting - Pitching for Trenton Stars : RHP José Gómez
Batting: RHB Joel Jackson 0-0: Ball
1-0: Foul Ball, location: 2F
1-1: Ball
2-1: Foul Ball, location: 2F
2-2: Strikes out swinging
Batting: RHB Dan Banks 0-0: Ball
1-0: Foul Ball, location: 2F
1-1: SINGLE (Groundball, 56S) (infield hit)
Batting: RHB Justin Harris 0-0: Called Strike
0-1: Ball
1-1: Swinging Strike
1-2: Ball
2-2: Fielders Choice at 2nd, 6-4 (Groundball, 6)
Batting: LHB Eduardo Rodríguez 0-0: Ball
1-0: Called Strike
1-1: Ball
2-1: Ball
3-1: Base on Balls
Justin Harris to second
Batting: RHB Diego Rivera 0-0: Ball
1-0: Ball
2-0: Called Strike
2-1: Ball
3-1: Fly out, F9 (Flyball, 9S)
Bottom of the 8th over - 0 run(s), 1 hit(s), 0 error(s), 2 left on base; Trenton 5 - Allentown 8
TOP OF THE 9TH
Trenton Stars batting - Pitching for Allentown Hillbillies : LHP Alejandro Castillo
Batting: LHB Ju-wei Shiu 0-0: Ball
1-0: Ball
2-0: Called Strike
2-1: Foul Ball, location: 2F
2-2: Ball
3-2: Base on Balls
Batting: RHB George Reeves 0-0: Ball
1-0: Called Strike
1-1: Called Strike
1-2: Ball
2-2: Ball
3-2: Foul Ball, location: 2F
3-2: Base on Balls
Ju-wei Shiu to second
Pitching: RHP Albert Lutz
Batting: RHB Felipe Olivas 0-0: Called Strike
0-1: Foul Ball, location: 2F
0-2: Ball
1-2: Foul Ball, location: 2F
1-2: Ball
2-2: Ball
3-2: SINGLE (Line Drive, 8RS)
Ju-wei Shiu to third
George Reeves to second
Runner from 3rd tries for Home, SAFE, no throw
Batting: LHB Marvin Morris 0-0: Called Strike
0-1: Ball
Wild Pitch!
George Reeves to third
Felipe Olivas to second
1-1: Ball
2-1: Foul Ball, location: 2F
2-2: Ball
3-2: Foul Ball, location: 2F
3-2: Foul Ball, location: 2F
3-2: Foul Ball, location: 2F
3-2: Base on Balls
Batting: RHB Clancy Booker 0-0: Ball
Balk!
George Reeves scores
Felipe Olivas to third
Marvin Morris to second
1-0: Foul Ball, location: 2F
1-1: Swinging Strike
1-2: SINGLE (Line Drive, 89M)
Felipe Olivas scores
Marvin Morris to third
Batting: LHB Lee Burton 0-0: Called Strike
0-1: Called Strike
0-2: Ball
1-2: Ball
2-2: SINGLE (Groundball, 5D)
Marvin Morris scores
Clancy Booker to second
Batting: RHB Rafael Canales 0-0: Ball
1-0: Foul Ball, location: 2F
1-1: Called Strike
1-2: Ball
2-2: Foul Ball, location: 2F
2-2: 3-RUN HOME RUN (Line Drive, 7D), Distance : 359 ft
Batting: RHB Gabriel Villegas 0-0: Ball
1-0: Called Strike
1-1: Swinging Strike
1-2: Fly out, F9 (Flyball, 89S)
Batting: LHB Alonzo Medine 0-0: SINGLE (Line Drive, 4D)
Batting: LHB Ju-wei Shiu 0-0: Ball
1-0: Called Strike
1-1: DOUBLE (Flyball, 8RXD)
Alonzo Medine to third
Batting: RHB George Reeves 0-0: Foul Ball, location: 2F
0-1: Foul Ball, location: 2F
0-2: Ball
1-2: Ball
2-2: Ball
3-2: Foul Ball, location: 2F
3-2: Strikes out looking
Batting: RHB Felipe Olivas 0-0: Fly out, F8 (Flyball, 8LD)
Top of the 9th over - 7 run(s), 6 hit(s), 0 error(s), 2 left on base; Trenton 12 - Allentown 8
BOTTOM OF THE 9TH
Allentown Hillbillies batting - Pitching for Trenton Stars : RHP José Gómez
Pitching: LHP Joseph Byrne
Batting: RHB Millard Stark 0-0: SINGLE (Flyball, 8LS)
Batting: LHB Marcos Vargas 0-0: Ball
1-0: Called Strike
1-1: Foul Ball, location: 2F
1-2: Foul Ball, location: 2F
1-2: Foul Ball, location: 2F
1-2: Foul Ball, location: 2F
1-2: Ball
2-2: Ball
3-2: Foul Ball, location: 2F
3-2: Strikes out swinging
Batting: LHB Rafael Flores 0-0: Ball
1-0: Foul Ball, location: 2F
1-1: Foul Ball, location: 2F
1-2: Strikes out swinging
Batting: RHB Carl Brown 0-0: Called Strike
0-1: Called Strike
0-2: Ball
1-2: Strikes out swinging
Bottom of the 9th over - 0 run(s), 1 hit(s), 0 error(s), 1 left on base; Trenton 12 - Allentown 8
Thursday, March 30th, 2017 - OOTP Baseball 17.12 Build 75